 Dungeon Crawl Stone Soup version 0.21.1-1-g345015f (webtiles) character file.

2929 troglodite the Charmwright (level 9, 0/58 HPs)
             Began as an Octopode Skald on Feb 16, 2018.
             Was an Initiate of Gozag.
             Slain by a hippogriff (2 damage)
             ... on level 8 of the Dungeon.
             The game lasted 00:31:42 (9203 turns).

troglodite the Charmwright (Octopode Skald)         Turns: 9203, Time: 00:31:42

Health: 0/58       AC:  1    Str: 12    XL:     9   Next: 79%
Magic:  15/15      EV:  2    Int: 16    God:    Gozag
Gold:   847        SH:  0    Dex: 12    Spells: 8/16 levels left

rFire    . . .     SeeInvis .   D - +2 short sword (holy)
rCold    + . .     Gourm    .   i - +2 large shield {reflect}
rNeg     + + +     Faith    .   (helmet restricted)
rPois    ∞         Spirit   .   j - amulet of rage
rElec    .         Reflect  +   p - ring of protection from cold
rCorr    .         Harm     .   (no ring)
MR       .....                  (no ring)
Stlth    ++++......             (no ring)
HPRegen  0.19/turn              (no ring)
MPRegen  0.14/turn              (no ring)
                                (no ring)
                                (no ring)

@: petrified, berserk cooldown, slowed
A: almost no armour, stealthy swim, amphibious, 8 rings, constrict 8, camouflage
1, gelatinous body 1
a: Potion Petition, Call Merchant, Bribe Branch, Renounce Religion, Evoke
Berserk Rage


You were on level 8 of the Dungeon.
You worshipped Gozag.
Gozag was pleased with you.
You were near starving.

You visited 2 branches of the dungeon, and saw 9 of its levels.
You also visited: Sewer.

You collected 906 gold pieces.
You paid 59 gold pieces to Gozag.

Inventory:

Hand Weapons
 a - a +0 falchion
 D - a +2 short sword of holy wrath (weapon)
Armour
 i - a +2 large shield of reflection (worn)
Jewellery
 j - an amulet of rage (around mantle)
 p - a ring of protection from cold (left tentacle)
Wands
 m - a wand of flame (29)
 C - a wand of paralysis (15)
 E - a wand of iceblast (12)
 H - a wand of disintegration (8)
Scrolls
 k - a scroll of blinking {unknown}
 l - 3 scrolls of fog {unknown}
 o - 8 scrolls of teleportation
 r - 2 scrolls of fear
 x - 2 scrolls of remove curse {unknown}
 y - a scroll of holy word {unknown}
 A - 4 scrolls of amnesia {unknown}
 B - 3 scrolls of magic mapping {unknown}
 F - 3 scrolls of identify
 G - a scroll of immolation {unknown}
Potions
 d - 3 potions of lignification
 e - 2 potions of cancellation
 f - 3 potions of curing
 g - a potion of resistance {unknown}
 h - a potion of berserk rage {unknown}
 n - a potion of degeneration {unknown}
 q - 2 potions of mutation
 s - 2 potions of heal wounds {unknown}
 t - 2 potions of haste
 u - 4 potions of flight
 v - a potion of might {unknown}
 z - a potion of invisibility {unknown}
Books
 b - a book of Battle

   Spells                             Type                      Level
   a - Infusion                       Charms                       1
   b - Shroud of Golubria             Charms/Translocation         2
   c - Song of Slaying                Charms                       2
   d - Spectral Weapon                Hexes/Charms                 3
   e - Regeneration                   Charms/Necromancy            3
 w - Sif Muna's Incunabulum of Arcane Weapons
   (You found it on level 4 of the Dungeon)

   Spells                             Type                      Level
   a - Magic Dart                     Conjuration                  1
Comestibles
 c - 10 rations


   Skills:
 * Level 4.0 Fighting
 + Level 1.6(3.3) Short Blades
 + Level 4.6(4.8) Long Blades
 * Level 4.6 Dodging
 + Level 4.7 Stealth
 * Level 4.4 Shields
 * Level 4.2 Spellcasting
 * Level 3.0 Conjurations
 * Level 4.0 Hexes
 * Level 5.5 Charms
 * Level 3.4 Necromancy
 + Level 2.3 Evocations


You had 8 spell levels left.
You knew the following spells:

 Your Spells              Type           Power        Failure   Level  Hunger
a - Infusion              Chrm           ###.         24%         1    None
b - Spectral Weapon       Hex/Chrm       ###.....     69%         3    ###....
c - Regeneration          Chrm/Necr      ###.......   75%         3    ###....
d - Magic Dart            Conj           ##..         56%         1    None


Dungeon Overview and Level Annotations

Branches:
Dungeon (8/15)             Temple (1/1) D:4            Lair (0/6) D:8

Altars:
Ashenzari
Cheibriados
Dithmenos
Fedhas
Gozag
Hepliaklqana
Kikubaaqudgha
Makhleb
Nemelex Xobeh
Okawaru
Qazlal
Ru
Sif Muna
Trog
Uskayaw
Vehumet
Wu Jian
Xom
Yredelemnul
Zin
The Shining One

Shops:
D:5 !


Innate Abilities, Weirdness & Mutations

You cannot wear most types of armour.
You are very stealthy in the water. (Stealth+)
You are amphibious.
You can wear up to eight rings at the same time.
You can use your tentacles to constrict eight enemies at once.
Your skin changes colour to match your surroundings (Stealth+).
Your rubbery body absorbs attacks. (AC +1, EV +1)


Message History

The hippogriff bites you! The hippogriff pecks you. The hippogriff claws you!
The basilisk bites you.
You are no longer berserk.
You feel yourself slow down. The hippogriff bites you.
The hippogriff pecks you. The hippogriff claws you.
* * * LOW HITPOINT WARNING * * *
The basilisk bites you.
* * * LOW HITPOINT WARNING * * *
The hippogriff bites you. The hippogriff pecks you.
* * * LOW HITPOINT WARNING * * *
The hippogriff claws you!
* * * LOW HITPOINT WARNING * * *
The basilisk bites you!
* * * LOW HITPOINT WARNING * * *
You are near starving!
The hippogriff bites you!
* * * LOW HITPOINT WARNING * * *
The hippogriff pecks you.
You die...
Your body crumbles into a pile of gold.

.#################
.................###
.############......#
## #.##.#.#
####+##.#.# ###
........#.# ..#
........#.# #.####
......H...#####.#
#....
.....Yl@.........
...####
#..t..####.......
......# ......
..#....
...####........ #.#
### ........ ......
.# ....#... ..Y>H ..
....# . . ##.
...<### . ......#


You could see an elephant, a hippogriff, a basilisk and a crocodile.

Vanquished Creatures
  Joseph (D:7)
  The ghost of Baghtru the Skirmisher, an amateur HOFi (D:4)
  Prince Ribbit (D:7)
  Sigmund (D:3)
  2 ice beasts
  An orc warrior (D:6)
  A phantom (D:4)
  4 ogres
  A centaur (D:6)
  A big kobold (Sewer)
  Blork the orc (D:5)
  The ghost of Dioder the Covert, an amateur SpAs (D:3)
  A bullfrog (D:6)
  A gnoll sergeant (D:7)
  A crimson imp (D:7)
  A jelly (D:5)
  2 orc priests
  A hound (D:7)
  A bullfrog skeleton (D:6)
  2 iguanas
  6 orc wizards
  5 worker ants
  Natasha (twice) (D:2)
  17 adders
  6 gnolls (D:7)
  4 river rats
  2 shadow imps
  2 oozes (Sewer)
  An adder skeleton (D:5)
  3 worms
  5 dart slugs
  6 leopard geckos
  18 orcs
  2 giant cockroaches
  3 goblins (D:1)
  4 hobgoblins
  2 jackals (D:8)
  14 kobolds
  3 quokkas
  4 ball pythons
  9 bats
  2 frilled lizards (D:1)
  A jackal skeleton (D:5)
  13 rats
160 creatures vanquished.

Notes
Turn   | Place    | Note
-------+----------+-------------------------------------------
     0 | D:1      | troglodite the Octopode Skald began the quest for the Orb.
     0 | D:1      | Reached XP level 1. HP: 14/14 MP: 3/3
   237 | D:1      | Reached XP level 2. HP: 14/19 MP: 5/5
   528 | D:2      | Reached XP level 3. HP: 24/24 MP: 6/6
   619 | D:2      | Learned a level 3 spell: Spectral Weapon
  1189 | D:2      | Noticed Natasha
  1199 | D:2      | Killed Natasha
  1199 | D:2      | Reached skill level 4 in Charms
  1199 | D:2      | Reached XP level 4. HP: 29/29 MP: 7/7
  1246 | D:2      | Learned a level 3 spell: Regeneration
  1427 | D:2      | Noticed Natasha
  1435 | D:2      | Killed Natasha
  1435 | D:2      | Reached XP level 5. HP: 18/34 MP: 8/8
  1976 | D:3      | Noticed Sigmund
  1985 | D:3      | Killed Sigmund
  1985 | D:3      | Reached skill level 1 in Stealth
  1985 | D:3      | Reached skill level 1 in Shields
  1985 | D:3      | Reached skill level 1 in Hexes
  1985 | D:3      | Reached skill level 1 in Necromancy
  1985 | D:3      | Reached XP level 6. HP: 37/41 MP: 9/9
  2108 | D:3      | Reached skill level 1 in Evocations
  2131 | D:3      | Noticed Dioder's ghost (amateur SpAs)
  2142 | D:3      | Killed Dioder's ghost
  2323 | D:3      | Found a glowing drain.
  2328 | Sewer    | Entered a sewer
  2725 | Sewer    | Reached XP level 7. HP: 35/45 MP: 9/11
  4002 | D:4      | Found a staircase to the Ecumenical Temple.
  4064 | Temple   | Entered the Ecumenical Temple
  4258 | Temple   | Became a worshipper of Gozag Ym Sagoz the Greedy
  4329 | D:4      | Found a deep blue altar of Sif Muna.
  4347 | D:4      | Identified Sif Muna's Incunabulum of Arcane Weapons
  4524 | D:4      | Learned a level 1 spell: Magic Dart
  4815 | D:4      | Noticed Baghtru's ghost (amateur HOFi)
  4831 | D:4      | Killed Baghtru's ghost
  4831 | D:4      | Reached skill level 1 in Conjurations
  4831 | D:4      | Reached XP level 8. HP: 52/52 MP: 12/12
  4869 | D:4      | Found an ornate altar of the Wu Jian Council.
  5037 | D:4      | Found a shimmering altar of Xom.
  5524 | D:5      | Entered Level 5 of the Dungeon
  5595 | D:5      | Found a stormy altar of Qazlal.
  5738 | D:5      | Reached skill level 5 in Charms
  5768 | D:5      | Found Gimahazo's Distillery.
  5768 | D:5      | Noticed Blork the orc
  5778 | D:5      | Killed Blork the orc
  6313 | D:5      | Found a sacrificial altar of Ru.
  6787 | D:6      | Reached XP level 9. HP: 57/57 MP: 14/14
  7286 | D:7      | Noticed Prince Ribbit
  7301 | D:7      | Killed Prince Ribbit
  7345 | D:7      | Noticed Joseph
  7359 | D:7      | Killed Joseph
  7584 | D:7      | Noticed a two-headed ogre
  7667 | D:7      | Found a burning altar of Makhleb.
  8950 | D:8      | Reached skill level 1 in Short Blades
  9174 | D:8      | Found a staircase to the Lair.
  9174 | D:8      | Noticed an elephant
  9203 | D:8      | HP: 2/58 [hippogriff (5)]
  9203 | D:8      | Slain by a hippogriff

Skill      XL: |  1  2  3  4  5  6  7  8  9 |
---------------+----------------------------+-----
Dodging        | 3 4 |  4.6
Charms         | 4 5 |  5.5
Stealth        | 1 2 3 4 |  4.7
Shields        | 1 2 3 4 |  4.4
Hexes          | 1 2 3 4 |  4.0
Necromancy     | 1 2 3 |  3.4
Evocations     | 1 2 |  2.3
Long Blades    | 3 4 |  4.6
Fighting       | 3 4 |  4.0
Spellcasting   | 3 4 |  4.2
Conjurations   | 1 2 3 |  3.0
Short Blades   | 1 |  1.6

Action                   |  1- 3 |  4- 6 |  7- 9 || total
-------------------------+-------+-------+-------++-------
Melee: Falchion          |    45 |   102 |   212 ||   359
       Constrict         |    14 |    28 |    59 ||   101
       Tentacles         |     7 |    20 |    61 ||    88
       Short sword       |       |       |   102 ||   102
 Abil: Evoke Berserk Rag |     2 |     5 |    15 ||    22
  Use: Scroll            |       |       |     8 ||     8
       Potion            |       |       |     1 ||     1
 Stab: Sleeping          |     3 |     5 |    17 ||    25
       Distracted        |       |     1 |     1 ||     2
  Eat: Chunk             |     2 |    10 |     5 ||    17
       Ration            |       |       |     8 ||     8
Armor: Skin              |     2 |     8 |    10 ||    20
Dodge: Dodged            |    19 |    28 |    87 ||   134
Block: Large shield      |    15 |    65 |   235 ||   315
       Reflection        |       |     3 |     6 ||     9
       Rpst.: Falchion   |     8 |     9 |    13 ||    30
